 Dungeon Crawl Stone Soup version 0.31-a0-435-g2c6fae2916 (webtiles) character file.

Game seed: 13657926437268846029

443 Dirtsage the Changeling (level 7, -2/43 HPs)
             Began as an Octopode Shapeshifter on Aug 1, 2023.
             Was an Initiate of the Shining One.
             Slain by an ogre
             ... wielding a +0 giant club
              (12 damage)
             ... on level 4 of the Dungeon.
             The game lasted 00:08:38 (3804 turns).

Dirtsage the Changeling (Octopode Shapeshifter)     Turns: 3804, Time: 00:08:38

Health: -2/43      AC:  1    Str: 23    XL:     7   Next: 2%
Magic:  7/7        EV: 13    Int: 10    God:    the Shining One [......]
Gold:   116        SH:  0    Dex: 12    Spells: 6/6 levels left

rFire   . .          .
                       - Unarmed
rCold   . . .        (no shield)
rNeg    . . .        (helmet currently unavailable)
rPois   +            f - amulet of faith
rElec   .            C - ring of resist corrosion
rCorr   +            i - ring "Keuff" {Drain rPois rCorr Str+6 Slay+6}
SInv    .            (no ring)
Will    .....        (no ring)
Stlth   +            (no ring)
HPRegen 0.27/turn    (no ring)
MPRegen 0.10/turn    (no ring)
                     (no ring)

%: faith
@: beast-form, glowing
A: beast (slay +4), almost no armour, amphibious, 8 rings, camouflage 1,
gelatinous body 1, (nimble swimmer 1), tentacles
a: Begin Untransformation, Renounce Religion


You were on level 4 of the Dungeon.
You worshipped the Shining One.
The Shining One was noncommittal.
You were a hulking beast.
You visited 2 branches of the dungeon, and saw 5 of its levels.
You also visited: Sewer.

You collected 152 gold pieces.
You spent 36 gold pieces at shops.

Inventory:

Jewellery
 f - an amulet of faith (around mantle)
 i - the ring "Keuff" (right tentacle) {Drain rPois rCorr Str+6 Slay+6}
   (You acquired it on level 4 of the Dungeon)

   [ring of strength]

   Str:       It affects your strength (+6).
   Slay:      It affects your accuracy & damage with ranged weapons and melee
   (+6).
   rPois:     It protects you from poison.
   rCorr:     It protects you from acid and corrosion.
   Drain:     It drains your maximum health when unequipped.
 C - a ring of resist corrosion (left tentacle)
Talismans
 b - a beast talisman (active)
Scrolls
 a - a scroll of summoning
 e - 2 scrolls of enchant armour
 j - a scroll of torment
 t - 4 scrolls of teleportation
 B - a scroll of blinking
Potions
 c - a potion of degeneration {unknown}
 d - 2 potions of might {unknown}
 g - 3 potions of haste {unknown}
 h - 2 potions of magic {unknown}
 m - a potion of resistance {unknown}


   Skills:
 - Level 1.0 Fighting
 - Level 2.0 Dodging
 - Level 3.0 Unarmed Combat
 + Level 6.6 Shapeshifting


You had 6 spell levels left.
You didn't know any spells.
Your spell library contained the following spells:

 Spells                   Type           Power      Damage    Failure   Level
 Ozocubu's Armour         Ice            0%         N/A       75%         3
 Ozocubu's Refrigeration  Ice            0%         4d7       100%        7


Dungeon Overview and Level Annotations

Branches:
Dungeon (4/15)             Temple (1/1) D:4           Sewer (visited)

Altars:
Ashenzari
Cheibriados
Dithmenos
Fedhas
Gozag
Hepliaklqana
Kikubaaqudgha
Makhleb
Nemelex Xobeh
Okawaru
Qazlal
Sif Muna
Trog
Uskayaw
Vehumet
Wu Jian
Xom
Yredelemnul
The Shining One

Shops:
D:4 ?

Annotations:
Temple 2 transporters


Innate Abilities, Weirdness & Mutations

You are a hulking beast.
Your limbs bulge with bestial killing power. (Slay +4)
You cannot wear most types of armour.
You are amphibious.
You can wear up to eight rings at the same time.
Your skin changes colour to match your surroundings (Stealth+).
Your rubbery body absorbs attacks. (AC +1, EV +1)
((You are camouflaged when in or above water. (Stealth+)))
You have tentacles for arms and can constrict up to eight enemies at once.


Message History

The jackal barks!
You hear a bark!
The jackal bites you. x2
The jackal bites you but does no damage.
You take 3 damage, and have 40/43 hp.
You bludgeon the jackal!
You kill the jackal!
The jackal closely misses you.
You bludgeon the jackal!
You kill the jackal!
You barely miss the jackal. You grab the jackal. You constrict the jackal.
The jackal misses you.
You barely miss the jackal. You squeeze the jackal.
You kill the jackal!
You are illuminated by a small divine halo.
You are a hulking beast.
You are glowing.
You have 8 tentacles available for constriction.
Your movement speed is average.
Your attack delay is about 0.9.
Your damage rating with unarmed combat is about 18 (Base [3 + 3 (UC)] x 132% (Str) x 101% (Fight) + 10 (Slay)).
Your base attributes are Str 17, Int 10, Dex 12.
Unknown command.
Found a stone staircase leading down.
Health restored: 43
There is a stone staircase leading down here.
t - 4 scrolls of teleportation (gained 1)
You see here 5 stones.
There is a stone staircase leading down here.
You open the door.
There is an open door here.
An ogre comes into view. It is wielding a +0 giant club.
The ogre shouts!
You tentacle-slap the ogre. You squeeze the ogre!
The ogre is severely wounded.
The ogre hits you with a +0 giant club!!
Ouch! That really hurt!
* * * LOW HITPOINT WARNING * * *
You take 34 damage, and have 9/43 hp.
MASSIVE DAMAGE!!
You tentacle-slap the ogre.
The ogre is almost dead.
The ogre hits you with a +0 giant club!
You die...

............####.#.#
..#####..........#.#####
..#...#.....######.....#
..[.........# #####.#
......#.....# #.#
.#.<..##'#.## #†#
.#....##.#.####### #.#
.#....##.#.......# #.#
.#....##.#######h# #.#
...#.....#######O# #.#
...............#.# #.#
......########.#.# #.#
#####.###......#.# #.#
......)........#.. #.#
..)#....)......#.# #.#
...#...........#.# #.#
..###+#+#.#+####.# #.#


You could see an ogre.

Vanquished Creatures
  A scorpion (D:4)
  A howler monkey (D:3)
  A jelly (D:4)
  An iguana (D:4)
  Robin (D:3)
  9 adders
  6 river rats (Sewer)
  2 worms
  4 dart slugs
  5 orcs
  8 endoplasms
  14 goblins
  9 hobgoblins
  11 jackals
  15 kobolds
  6 quokkas
  16 ball pythons
  5 bats
  8 frilled lizards
  3 rats
126 creatures vanquished.

Notes
Turn   | Place    | Note
-------+----------+-------------------------------------------
     0 | D:1      | Dirtsage the Octopode Shapeshifter began the quest for the
                  | Orb.
     0 | D:1      | Reached XP level 1. HP: 13/13 MP: 1/1
    90 | D:1      | Reached XP level 2. HP: 16/18 MP: 2/2
   565 | D:1      | Reached XP level 3. HP: 23/23 MP: 3/3
   856 | D:1      | Reached skill level 4 in Shapeshifting
  1294 | D:2      | Reached XP level 4. HP: 28/28 MP: 4/4
  1986 | D:3      | Noticed Robin
  1995 | D:3      | Killed Robin
  1996 | D:3      | Reached skill level 5 in Shapeshifting
  1996 | D:3      | Reached XP level 5. HP: 28/33 MP: 5/5
  2057 | D:3      | Found a glowing drain.
  2083 | Sewer    | Entered a sewer
  2291 | Sewer    | Reached XP level 6. HP: 37/38 MP: 6/6
  2781 | D:3      | Reached skill level 6 in Shapeshifting
  2911 | D:4      | Found a staircase to the Ecumenical Temple.
  2928 | Temple   | Found a transporter.
  2928 | Temple   | Found a transporter.
  2928 | Temple   | Found a transporter.
  2928 | Temple   | Found a transporter.
  2928 | Temple   | Entered the Ecumenical Temple
  2940 | Temple   | Became a worshipper of the Shining One
  3389 | D:4      | Found Atywkiy's Magic Scroll Shoppe.
  3397 | D:4      | Reached XP level 7. HP: 43/43 MP: 7/7
  3402 | D:4      | Bought a scroll of teleportation for 36 gold pieces
  3427 | D:4      | Identified a scroll of acquirement
  3427 | D:4      | Acquired the ring "Keuff" {Drain rPois rCorr Str+6 Slay+6}
  3804 | D:4      | Slain by an ogre

Illustrated notes

Levels and vault maps discovered:
D:1:      dpeg_arrival_simpleton_b, layout_basic, st_stairs_3,
          grunt_decor_clamped
D:2:      layout_loops_ring
D:3:      layout_rooms, cheibrodos_sewer_entry_sluice, uniq_robin
D:4:      layout_basic, minmay_temple_entry_butterflies, serial_shops, shop
Temple:   hellmonk_temple_divided_pantheon

Skill      XL: |  1  2  3  4  5  6 |
---------------+-------------------+-----
Shapeshifting  | 4 5 6 |  6.6
Fighting       | |  1.0
Dodging        | |  2.0
Unarmed Combat | |  3.0

Action                     |  1- 3 |  4- 6 |  7- 9 || total
---------------------------+-------+-------+-------++-------
  Melee: Unarmed           |    76 |   149 |     9 ||   234
         Constrict         |    16 |    38 |     2 ||    56
         Tentacles         |    12 |    26 |     3 ||    41
         Punch             |       |     3 |       ||     3
    Use: Potion            |       |     1 |       ||     1
         Scroll            |       |     4 |     3 ||     7
   Stab: Sleeping          |     7 |     6 |       ||    13
 Armour: Skin              |     2 |     9 |     1 ||    12
  Dodge: Dodged            |    54 |    92 |     3 ||   149

Table legend: (Time is in decaauts)
 A = Elapsed time spent in this place.
 B = Non-inter-level travel time spent in this place.
 C = Inter-level travel time spent in this place.
 D = Time resting spent in this place.
 E = Time spent auto-exploring this place.
 F = Levels seen in this place.
 G = Mean time per level.
                   A        B        C        D        E       F      G
               +--------+--------+--------+--------+--------+-----+--------+
         Total |   3788 |   3700 |     88 |    144 |   2769 |   6 |  631.3 |
       Dungeon |   3168 |   3089 |     79 |     68 |   2415 |   4 |  792.0 |
        Temple |     26 |     17 |      9 |      0 |      0 |   1 |   26.0 |
         Sewer |    592 |    592 |      0 |     76 |    354 |   1 |  592.0 |
               +--------+--------+--------+--------+--------+-----+--------+

Top non-repeatable levels by time:
     D:1: 1004 daAuts
     D:4: 887 daAuts
     D:2: 717 daAuts
   Sewer: 592 daAuts
     D:3: 559 daAuts
  Temple: 26 daAuts
